 Dungeon Crawl Stone Soup version 0.21.1-1-g345015fe64 (webtiles) character file.

599 OlSheep the Cudgeler (level 7, -1/40 HPs)
             Began as a Gargoyle Earth Elementalist on July 8, 2018.
             Slain by a gnoll
             ... wielding a +0 whip
              (3 damage)
             ... on level 5 of the Dungeon.
             The game lasted 00:16:18 (5050 turns).

OlSheep the Cudgeler (Gargoyle Earth Elementalist)  Turns: 5050, Time: 00:16:18

Health: -1/40      AC: 16    Str: 13    XL:     7   Next: 41%
Magic:  10/10      EV:  6    Int: 16    God:
Gold:   182        SH:  0    Dex: 10    Spells: 9/10 levels left

rFire    . . .     SeeInvis .   k - +0 mace
rCold    . . .     Gourm    .   (no shield)
rNeg     + . .     Faith    .   l - +0 chain mail
rPois    ∞         Spirit   .   g - +0 helmet
rElec    +         Reflect  .   (no cloak)
rCorr    .         Harm     .   r - +0 pair of gloves
MR       .....                  (no boots)
Stlth    ..........             (no amulet)
HPRegen  0.13/turn              (no ring)
MPRegen  0.12/turn              (no ring)

@: glowing
A: negative energy resistance 1, electricity resistance, unbreathing,
petrification resistance, rot immunity, AC +4
a: no special abilities


You were on level 5 of the Dungeon.
You were not hungry.

You visited 1 branch of the dungeon, and saw 5 of its levels.

You collected 182 gold pieces.

Inventory:

Hand Weapons
 k - a +0 mace (weapon)
Missiles
 b - 97 stones (quivered)
Armour
 g - a +0 helmet (worn)
 l - a +0 chain mail (worn)
 r - a +0 pair of gloves (worn)
Jewellery
 w - an uncursed ring of see invisible {unknown}
 y - an uncursed ring of stealth {unknown}
Scrolls
 s - a scroll of teleportation {unknown}
 u - a scroll of amnesia {unknown}
 v - a scroll of enchant armour {unknown}
Potions
 h - a potion of curing {unknown}
 i - a potion of resistance
 j - 2 potions of lignification
 m - a potion of magic {unknown}
 n - a potion of mutation {unknown}
 o - a potion of ambrosia {unknown}
 p - a potion of haste {unknown}
 q - a potion of brilliance {unknown}
 x - 2 potions of agility
 z - 3 potions of flight
Books
 e - a book of Geomancy

   Spells                             Type                      Level
   a - Sandblast                      Earth                        1
   b - Passwall                       Transmutation/Earth          2
   c - Stone Arrow                    Conjuration/Earth            3
   d - Petrify                        Transmutation/Earth          4
   e - Lee's Rapid Deconstruction     Earth                        5
Comestibles
 d - 9 rations


   Skills:
 + Level 2.2 Fighting
 * Level 5.8 Maces & Flails
 + Level 3.0 Armour
 - Level 1.5 Dodging
 - Level 2.1 Stealth
 - Level 2.3 Spellcasting
   Level 0.7 Transmutations
 + Level 4.8 Earth Magic


You had 9 spell levels left.
You knew the following spells:

 Your Spells              Type           Power        Failure   Level  Hunger
a - Sandblast             Erth           ###...       63%         1    #......


Dungeon Overview and Level Annotations

Branches:
Dungeon (5/15)
 Temple: D:4-7

Altars:
Dithmenos
Ru
Wu Jian
Yredelemnul


Innate Abilities, Weirdness & Mutations

You are resistant to torment.
Your stone body is resilient. (AC +4)
You are immune to poison.
You resist negative energy. (rN+)
You are resistant to electric shocks. (rElec)
You can survive without breathing.
You are immune to petrification.
You are immune to rotting.


Message History

You completely miss the gnoll shaman.
The gnoll shaman is heavily wounded.
The gnoll hits you but does no damage. The gnoll shaman hits you with a club.
* * * LOW HITPOINT WARNING * * *
The gnoll barely misses you.
You sock the gnoll shaman!
You kill the gnoll shaman!
The gnoll hits you but does no damage.
You hit the gnoll.
The gnoll is moderately wounded.
The gnoll hits you but does no damage. x2
You hit the gnoll.
The gnoll is heavily wounded.
The gnoll hits you from afar with a halberd.
* * * LOW HITPOINT WARNING * * *
The gnoll hits you but does no damage. The gnoll closely misses you.
You hit the gnoll.
The gnoll is severely wounded.
The gnoll hits you but does no damage. The gnoll hits you with a whip.
You die...

..................#
.a..<........=....##
...................### #
.......#.............#...
....g..#..#####......"...
....g..#..........#.$....
.........?.##..#.g..###..
.......#. #..##g####
......#..# #.###@# #<#
#.# #.# #.# #.# ..# ..#
... ####... .... ...##


You could see 2 gnolls.

Vanquished Creatures
  The ghost of kickdok the Skirmisher, an amateur CeWr (D:4)
  A howler monkey (D:4)
  An iguana (D:4)
  Jessica (D:3)
  A gnoll shaman (D:5)
  Natasha (thrice) (D:3)
  5 worker ants (D:4)
  2 gnolls
  5 adders
  3 oozes
  3 worms
  3 dart slugs
  2 leopard geckos
  An orc (D:3)
  4 ball pythons
  5 giant cockroaches
  4 goblins
  4 hobgoblins (D:1)
  9 kobolds
  A quokka (D:4)
  9 bats
  4 frilled lizards
  5 rats
77 creatures vanquished.

Notes
Turn   | Place    | Note
-------+----------+-------------------------------------------
     0 | D:1      | OlSheep the Gargoyle Earth Elementalist began the quest for the Orb.
     0 | D:1      | Reached XP level 1. HP: 10/10 MP: 3/3
     5 | D:1      | Reached XP level 2. HP: 7/15 MP: 0/5
   540 | D:1      | Reached XP level 3. HP: 19/19 MP: 6/6
  1682 | D:1      | You fall through a shaft!
  1721 | D:2      | Reached skill level 1 in Maces & Flails
  1778 | D:2      | Reached XP level 4. HP: 12/24 MP: 7/7
  2291 | D:3      | Noticed Natasha
  2311 | D:3      | Killed Natasha
  2311 | D:3      | Reached skill level 2 in Maces & Flails
  2363 | D:3      | Reached skill level 1 in Armour
  2594 | D:3      | Noticed Jessica
  2631 | D:3      | Killed Jessica
  2631 | D:3      | Reached skill level 1 in Fighting
  2631 | D:3      | Reached skill level 3 in Maces & Flails
  2631 | D:3      | Reached XP level 5. HP: 21/29 MP: 8/8
  2952 | D:3      | Noticed Natasha
  3004 | D:3      | Found a sacrificial altar of Ru.
  3050 | D:3      | Found a basalt altar of Yredelemnul.
  3056 | D:3      | Found a shadowy altar of Dithmenos.
  3090 | D:3      | Killed Natasha
  3369 | D:3      | Noticed Natasha
  3381 | D:3      | Killed Natasha
  3843 | D:4      | Reached skill level 4 in Maces & Flails
  3843 | D:4      | Reached XP level 6. HP: 30/34 MP: 9/9
  3964 | D:4      | Noticed kickdok's ghost (amateur CeWr)
  4329 | D:4      | Found an ornate altar of the Wu Jian Council.
  4709 | D:4      | Killed kickdok's ghost
  4709 | D:4      | Reached skill level 5 in Maces & Flails
  4709 | D:4      | Reached XP level 7. HP: 22/40 MP: 10/10
  4954 | D:5      | Entered Level 5 of the Dungeon
  5049 | D:5      | HP: 2/40 [gnoll/halberd (3)]
  5050 | D:5      | Slain by a gnoll

Skill      XL: |  1  2  3  4  5  6  7 |
---------------+----------------------+-----
Earth Magic    | 4 |  4.8
Maces & Flails | 1 3 4 5 |  5.8
Armour         | 1 2 3 |  3.0
Fighting       | 1 2 |  2.2
Dodging        | |  1.5
Stealth        | |  2.1
Spellcasting   | |  2.3
Transmutations | |  0.7

Action                   |  1- 3 |  4- 6 |  7- 9 || total
-------------------------+-------+-------+-------++-------
Melee: Club              |    74 |       |       ||    74
       Mace              |    83 |   374 |    52 ||   509
 Cast: Sandblast         |     9 |       |       ||     9
  Use: Scroll            |       |     9 |       ||     9
       Potion            |       |     1 |     1 ||     2
 Stab: Sleeping          |     1 |       |       ||     1
  Eat: Chunk             |     3 |    10 |       ||    13
       Ration            |       |       |     1 ||     1
Armor: Chain mail        |   171 |   319 |    50 ||   540
       Robe              |    10 |       |       ||    10
Dodge: Dodged            |    71 |   124 |    18 ||   213
